AoeStats
← 化劲省二

MegaRandom

504869894Analyzed
1v1 RM · 26d ago on Sep 6, 2026· 45m 33s· 2 players
Game mode
Random Map
Map size
Tiny (2 player)
Population
200
Speed
Normal
Resources
Standard
Victory
Conquest
Starting age
Dark Age
Ending age
Imperial Age
RankedLock teamsTeams togetherTeam positionsShared explorationLock speedFull tech treeHidden civsTurbo modeCheats
Victory
Defeat
🇧🇷 Saracens · Brazil
1161
+17
🇨🇳 Khitans · China
1190
-17
d1GaO
4:23 Loom
10:53 Feudal Age
11:54 Double-Bit Axe
13:42 Fletching
17:34 Horse Collar
22:53 Castle Age
21:26 Padded Archer Armor
22:33 Scale Barding Armor
22:40 Forging
23:29 Bloodlines
23:13 Crossbowman
27:29 Wheelbarrow
28:34 Husbandry
30:12 Iron Casting
30:17 Chain Barding Armor
31:14 Town Watch
32:56 Hand Cart
38:45 Imperial Age
36:49 Bodkin Arrow
37:34 Heavy Plow
38:17 Padded Archer Armor
39:08 Ballistics
38:53 Gold Mining
39:04 Heavy Camel Rider
41:33 Chemistry
41:26 Conscription
41:26 Bracer
42:04 Plate Barding Armor
42:31 Blast Furnace
41:32 Bracer
42:43 Thumb Ring
43:18 Town Patrol
化劲省二
4:13 Loom
13:13 Feudal Age
14:25 Double-Bit Axe
18:02 Castle Age
17:32 Fishing Lines
18:30 Stone Mining
19:53 Wheelbarrow
33:30 Town Watch
35:37 Domestication
39:51 Gold Mining
43:07 Imperial Age
41:54 Scale Mail Armor
42:11 Forging
42:28 Squires
43:23 Chain Mail Armor
45:30 Iron Casting
Connection lost

Rejoining the realm…

Still unreachable

The connection could not be restored.

Session expired

The server has moved on; the page needs a fresh start.